 Dungeon Crawl Stone Soup version 0.29.0-11-gd7f09526c8 (webtiles) character file.

Game seed: 7378173176551844118

51716 Flugkiller the Severer (level 14, -4/129 HPs)
             Began as a Minotaur Fighter on Sept 4, 2022.
             Was a High Priest of Okawaru.
             Slain by an orc knight
             ... wielding a +0 bardiche
              (31 damage)
             ... on level 13 of the Dungeon.
             The game lasted 00:09:50 (21269 turns).

Flugkiller the Severer (Minotaur Fighter)          Turns: 21269, Time: 00:09:51

Health: -4/129     AC: 28    Str: 22    XL:     14   Next: 24%
Magic:  30/30      EV: 17    Int: 10    God:    Okawaru [*****.]
Gold:   2525       SH:  0    Dex: 20    Spells: 13/13 levels left

rFire   . . .      SeeInvis .   s - +3 executioner's axe (venom)
rCold   . . .      Faith    +   (shield currently unavailable)
rNeg    . . .      Spirit   .   A - +0 plate armour
rPois   .          Reflect  .   m - +3 hat of Pondering {ponderous, Will+ MP+10 Int+5}
rElec   .          Harm     .   g - +0 cloak
rCorr   .          Rampage  .   M - +2 pair of gloves
Will    ++...                   I - +1 pair of boots {Stlth+}
Stlth   ..........              i - amulet of faith
HPRegen 0.31/turn               K - +6 ring of dexterity
MPRegen 0.22/turn               v - +4 ring of evasion

@: slow
A: horns 2, retaliatory headbutt
a: Renounce Religion, Heroism, Finesse, Duel


You were on level 13 of the Dungeon.
You worshipped Okawaru.
Okawaru was extremely pleased with you.
You visited 4 branches of the dungeon, and saw 20 of its levels.

You collected 2629 gold pieces.
You spent 104 gold pieces at shops.

Inventory:

Hand Weapons
 a - a +1 war axe
 s - a +3 executioner's axe of venom (weapon)
   (You acquired it on level 2 of the Dungeon)
 L - a +1 war axe of flaming
   (Okawaru gifted it to you on level 1 of the Lair of Beasts)
Missiles
 k - 7 boomerangs
 u - 2 throwing nets (quivered)
Armour
 c - a +0 buckler
 g - a +0 cloak (worn)
   (You found it on level 1 of the Dungeon)
 m - the +3 hat of Pondering (worn) {ponderous, Will+ MP+10 Int+5}
   (You took it off Gastronok on level 11 of the Dungeon)

   Int:       It affects your intelligence (+5).
   MP:        It affects your magic capacity (+10).
   Will:      It increases your willpower.
 x - a +0 kite shield
   (You took it off a gnoll sergeant on level 8 of the Dungeon)
 A - a +0 plate armour (worn)
   (You found it on level 4 of the Dungeon)
 I - a +1 pair of boots of stealth (worn)
   (Okawaru gifted it to you on level 5 of the Lair of Beasts)
 M - a +2 pair of gloves (worn)
   (You found it on level 2 of the Dungeon)
Jewellery
 i - an amulet of faith (around neck)
   (You found it on level 6 of the Dungeon)
 o - a ring of ice
   (You found it on level 4 of the Lair of Beasts)
 v - a +4 ring of evasion (right hand)
   (You found it on level 5 of the Lair of Beasts)
 K - a +6 ring of dexterity (left hand)
   (You found it on level 10 of the Dungeon)
 N - a +6 ring of intelligence
   (You found it on level 5 of the Lair of Beasts)
 Q - a ring of flight
   (You found it on level 12 of the Dungeon)
 R - an amulet of magic regeneration
   (You found it on level 12 of the Dungeon)
Wands
 C - a wand of mindburst (9)
   (You found it on level 5 of the Dungeon)
 G - a wand of quicksilver (12)
   (You found it on level 8 of the Dungeon)
 J - a wand of roots (11)
   (You took it off Natasha on level 3 of the Dungeon)
Scrolls
 e - 5 scrolls of enchant weapon
 l - 2 scrolls of magic mapping
 r - 2 scrolls of identify
 t - 6 scrolls of teleportation
 y - 3 scrolls of enchant armour
 z - 3 scrolls of blinking
 E - a scroll of vulnerability
 H - 3 scrolls of silence
 O - a scroll of brand weapon
Potions
 b - 2 potions of brilliance
 d - 3 potions of might
 f - 4 potions of flight
 h - 5 potions of haste
 j - 5 potions of magic
 n - 3 potions of resistance
 p - 3 potions of ambrosia {unknown}
 q - 7 potions of curing
 w - 5 potions of heal wounds
 B - 3 potions of cancellation
 D - 2 potions of berserk rage {unknown}
 F - 3 potions of mutation {unknown}
 P - a potion of lignification {unknown}


   Skills:
 + Level 13.3 Fighting
 - Level 18.0 Axes
 + Level 16.9 Armour
 + Level 10.3 Dodging
 - Level 3.6 Shields
 + Level 9.8 Invocations


You had 13 spell levels left.
You didn't know any spells.
Your spell library was empty.

Dungeon Overview and Level Annotations

Branches:
Dungeon (13/15)            Temple (1/1) D:5            Lair (5/5) D:10
 Shoals (0/4) Lair:2       Spider (0/4) Lair:3        Slime (1/5) Lair:4
    Orc (0/2) D:10         Vaults (0/5) D:13

Altars:
Ashenzari
Cheibriados
Dithmenos
Elyvilon
Fedhas
Gozag
Hepliaklqana
Kikubaaqudgha
Makhleb
Nemelex Xobeh
Okawaru
Qazlal
Ru
Sif Muna
Trog
Uskayaw
Wu Jian
Xom
Yredelemnul
Zin
The Shining One

Shops:
D:2 *   D:7 =   D:8 [

Annotations:
D:3 1 runed translucent door, ToffieWolf's ghost, weakling MiBe


Innate Abilities, Weirdness & Mutations

You have a pair of horns on your head.
You reflexively headbutt those who attack you in melee.


Message History

You are too injured to fight recklessly!
You are too injured to fight recklessly!
You are too injured to fight recklessly!
You are too injured to fight recklessly!
You are too injured to fight recklessly!
You are too injured to fight recklessly!
You are too injured to fight recklessly!
You are too injured to fight recklessly!
You are too injured to fight recklessly!
You slash the orc knight!
The orc knight looks as sick as possible!
You headbutt the orc knight!
The orc knight is moderately wounded.
The orc knight unwields a +0 arbalest.
The orc knight wields a +0 glaive.
The orc knight completely misses you. You furiously retaliate!
You headbutt the orc knight.
The centaur warrior unwields a +0 shortbow.
The centaur warrior completely misses you.
The centaur warrior kicks you but does no damage.
The centaur warrior hits you but does no damage.
The centaur warrior barely misses you.
The orc knight unwields a +0 glaive.
The orc knight wields a +0 arbalest.
The orc knight shoots a bolt.
The bolt misses you.
There is a stone staircase leading up, spattered with blood here.
You see here a human corpse.
The centaur warrior closely misses you.
The centaur warrior completely misses you.
The orc knight hits you but does no damage.
You climb upwards.
There is a stone staircase leading down here.
You slice the centaur warrior!!
The centaur warrior looks as sick as possible!
The centaur warrior is moderately wounded.
The centaur warrior closely misses you. You furiously retaliate!
You headbutt the centaur warrior!
The centaur warrior kicks you but does no damage.
You slash the centaur warrior!
The centaur warrior is almost dead.
You slash the centaur warrior!
You kill the centaur warrior!
Okawaru accepts your kill.
Things that are here:
a +0 shortbow; a centaur corpse You start resting.
Magic restored.
You start resting.
You feel like a meek peon again.
Your hands slow down.
There is a stone staircase leading down here.
You start resting.
HP restored.
You climb downwards.
The orc knight shoots a bolt.
The bolt misses you.
There is a stone staircase leading up, spattered with blood here.
You see here a human skeleton.
The orc knight unwields a +0 arbalest.
The orc knight wields a +0 glaive.
The orc knight hits you with a +0 glaive.
You barely miss the orc knight. Your headbutt misses the orc knight.
The orc knight hits you but does no damage.
The orc knight roars a battlecry!
The orc knight goes into a battle-frenzy!
You closely miss the orc knight. You headbutt the orc knight.
The orc knight is lightly wounded.
The orc knight hits you with a +0 glaive!!
The orc knight hits you but does no damage.
You hit the orc knight.
The orc knight is poisoned.
Your headbutt misses the orc knight.
The orc knight is lightly wounded.
The orc knight roars a battlecry!
The orc knight goes into a battle-frenzy!
The orc knight hits you from afar with a +0 bardiche.
You slice the orc knight!!
You headbutt the orc knight, but do no damage.
The orc knight is heavily wounded.
The orc knight closely misses you.
The orc knight hits you from afar with a +0 bardiche!
You completely miss the orc knight. Your headbutt misses the orc knight.
The orc knight is heavily wounded.
The orc knight hits you with a +0 glaive!!
The orc knight hits you from afar with a +0 bardiche!!
You are too injured to fight recklessly!
You are too injured to fight recklessly!
You are too injured to fight recklessly!
You are too injured to fight recklessly!
You are too injured to fight recklessly!
You are too injured to fight recklessly!
You are too injured to fight recklessly!
You are too injured to fight recklessly!
You are too injured to fight recklessly!
You are too injured to fight recklessly!
You are too injured to fight recklessly!
The orc knight attacks as you move away!
The orc knight barely misses you.
The orc knight unwields a +0 glaive.
The orc knight wields a +0 arbalest.
The orc knight shoots a bolt.
The bolt hits you.
The orc knight hits you from afar with a +0 bardiche!
* * * LOW HITPOINT WARNING * * *
There is a stone staircase leading up, spattered with blood here.
You see here a human skeleton.
The orc knight hits you from afar with a +0 bardiche!!
You die...

### .. .#
##########.####
..=...........##
#..............#
#......)o÷...#
.........o...#
......∩@.÷...#
......<>.....#
.............#
.............#
.......(.....+
..............#
.##......######
.......#


You could see 2 orc knights.

Vanquished Creatures
  Rupert (Lair:5)
  Gastronok (D:11)
  A merfolk avatar (Lair:5)
  6 hydras
  2 two-headed ogres
  A death knight (D:11)
  A centaur warrior (D:12)
  A death yak (Lair:5)
  A lindwurm (Lair:5)
  A harpy (Lair:5)
  A deep elf pyromancer (D:13)
  An ugly thing (D:12)
  2 manticores
  A cyclops (D:11)
  5 elephants
  5 centaur zombies (D:10)
  A gargoyle (D:12)
  14 cane toads
  4 unseen horror zombies (D:10)
  An unseen horror (D:12)
  5 rime drakes
  7 komodo dragons
  7 polar bears
  3 trolls
  A hornet (Lair:5)
  11 blink frogs
  Grinder (D:4)
  A wind drake (Lair:2)
  3 slime creatures (D:12)
  A snapping turtle (Lair:5)
  Sigmund (D:4)
  4 culicivoras (Lair:3)
  7 wyverns
  55 yaks
  A wraith (D:11)
  A shadow (D:9)
  16 humans (D:13)
  3 steam dragons
  5 basilisks
  Edmund (D:4)
  Grum (D:8)
  3 vampire mosquitoes (D:11)
  6 acid dragons
  9 water moccasins
  2 ice beasts
  3 black bears
  3 orc warriors
  A sky beast (D:8)
  15 wolves
  A phantom (D:7)
  5 centaurs
  10 bullfrogs
  A kobold brigand (D:7)
  3 necrophages
  3 gnoll sergeants (D:8)
  A scorpion (D:6)
  8 wights
  12 killer bees
  An electric eel (Lair:1)
  A troll skeleton (D:12)
  4 howler monkeys
  6 spriggan skeletons (D:12)
  4 jellies (Lair:4)
  8 hounds
  6 orc priests
  3 gnoll boudas
  An iguana (D:5)
  Natasha (thrice) (D:3)
  17 orc wizards
  2 polar bear simulacra (Lair:4)
  A wolf simulacrum (Lair:4)
  A howler monkey zombie (D:10)
  29 gnolls
  4 adders
  3 white imps
  An ufetubus (D:6)
  3 worms
  2 dart slugs
  43 orcs
  10 ball pythons
  6 bats
  10 endoplasms
  7 giant cockroaches
  7 goblins
  8 hobgoblins
  9 jackals
  16 kobolds
  2 quokkas
  4 frilled lizards
  8 rats
502 creatures vanquished.

Vanquished Creatures (others)
  38 fungi
  68 plants
106 creatures vanquished.

Grand Total: 608 creatures vanquished

Notes
Turn   | Place    | Note
-------+----------+-------------------------------------------
     0 | D:1      | Flugkiller the Minotaur Fighter began the quest for the
                  | Orb.
     0 | D:1      | Reached XP level 1. HP: 19/19 MP: 0/0
    73 | D:1      | Reached XP level 2. HP: 27/27 MP: 1/1
    78 | D:1      | Reached skill level 3 in Axes
   418 | D:1      | Reached XP level 3. HP: 33/33 MP: 2/2
   675 | D:2      | Found Kuaruek's Assorted Antiques.
   683 | D:2      | Bought a scroll labelled ITWUITS CEBAR for 26 gold pieces
   801 | D:2      | Found a faded altar of an unknown god.
   893 | D:2      | Reached skill level 4 in Axes
   934 | D:2      | Identified 3 scrolls of acquirement
   934 | D:2      | Acquired a +3 executioner's axe of venom
   962 | D:1      | Acquired 887 gold pieces
  1124 | D:2      | Reached XP level 4. HP: 23/41 MP: 3/3
  1417 | D:2      | Bought a scroll labelled COUVEGRE NOTRO for 26 gold pieces
  1417 | D:2      | Bought a scroll labelled WAACIE RAUS for 26 gold pieces
  1417 | D:2      | Bought a scroll labelled ZIQEEHA BATSATUL for 26 gold
                  | pieces
  1799 | D:3      | Found a shadowy altar of Dithmenos.
  1825 | D:3      | Noticed ToffieWolf's ghost (weakling MiBe)
  1826 | D:3      | Found a runed translucent door.
  1881 | D:3      | Noticed Natasha
  1890 | D:3      | Killed Natasha
  2173 | D:3      | Found a burning altar of Makhleb.
  2173 | D:3      | Found a glowing silver altar of Zin.
  2174 | D:3      | Noticed an angel
  2174 | D:3      | Noticed an Executioner
  2204 | D:3      | Reached XP level 5. HP: 47/47 MP: 4/4
  2404 | D:3      | Noticed Natasha
  2409 | D:3      | Killed Natasha
  2410 | D:3      | Reached skill level 5 in Axes
  2667 | D:3      | Noticed Natasha
  2678 | D:3      | Killed Natasha
  2916 | D:4      | Noticed Grinder
  2938 | D:3      | Reached skill level 5 in Fighting
  2938 | D:3      | Reached skill level 5 in Armour
  3171 | D:4      | Paralysed by Grinder for 3 turns
  3181 | D:4      | Killed Grinder
  3182 | D:4      | Reached skill level 6 in Axes
  3182 | D:4      | Reached XP level 6. HP: 36/56 MP: 5/5
  3326 | D:4      | Noticed Sigmund
  3352 | D:4      | Killed Sigmund
  3353 | D:4      | Reached XP level 7. HP: 47/62 MP: 6/6
  3437 | D:4      | Noticed Edmund
  3447 | D:4      | Killed Edmund
  3448 | D:4      | Reached skill level 7 in Axes
  4147 | D:4      | Reached skill level 8 in Axes
  4411 | D:4      | Acquired a manual of Armour
  4456 | D:5      | Entered Level 5 of the Dungeon
  4486 | D:5      | Reached XP level 8. HP: 71/71 MP: 7/7
  4516 | D:5      | Found a staircase to the Ecumenical Temple.
  4572 | Temple   | Entered the Ecumenical Temple
  4714 | Temple   | Became a worshipper of Warmaster Okawaru
  4808 | D:5      | Found a shimmering altar of Xom.
  5014 | D:5      | Reached skill level 1 in Invocations
  5280 | D:5      | Reached skill level 9 in Axes
  6349 | D:6      | Reached skill level 1 in Dodging
  6394 | D:6      | Reached * piety under Okawaru
  6569 | D:7      | Reached XP level 9. HP: 68/80 MP: 8/10
  6573 | D:7      | Reached skill level 10 in Axes
  6778 | D:7      | Found Jutuarukesil's Jewellery Shoppe.
  6963 | D:7      | Reached ** piety under Okawaru
  7831 | D:8      | Reached skill level 11 in Axes
  7832 | D:8      | Reached skill level 10 in Armour
  7937 | D:8      | Noticed a troll
  7946 | D:8      | Killed a troll
  8189 | D:8      | Found Reomeirphig's Antique Armour Shoppe.
  8296 | D:8      | Reached XP level 10. HP: 80/90 MP: 12/12
  8620 | D:8      | Reached *** piety under Okawaru
  8833 | D:8      | Noticed Grum
  8838 | D:8      | Killed Grum
  9452 | D:9      | Reached skill level 12 in Axes
  9611 | D:9      | Reached skill level 5 in Invocations
  9849 | D:9      | Identified the +0 leather armour of the Zebra {rPois rC+
                  | Dex+5}
 10074 | D:10     | Entered Level 10 of the Dungeon
 10110 | D:10     | Reached **** piety under Okawaru
 10121 | D:10     | Reached skill level 5 in Dodging
 10386 | D:10     | Found a sparkling altar of Nemelex Xobeh.
 10414 | D:10     | Found a snail-covered altar of Cheibriados.
 10585 | D:10     | Reached XP level 11. HP: 74/99 MP: 12/14
 10586 | D:10     | Reached ***** piety under Okawaru
 10587 | D:10     | Reached skill level 13 in Axes
 10648 | D:10     | Found a staircase to the Lair.
 10745 | D:10     | Reached skill level 10 in Fighting
 10786 | D:10     | Found a staircase to the Orcish Mines.
 10912 | D:10     | Found a basalt altar of Yredelemnul.
 10920 | D:10     | Received a gift from Okawaru
 11124 | D:10     | Found a faded altar of an unknown god.
 11127 | D:10     | Found a hazy altar of Hepliaklqana.
 11127 | D:10     | Found a faded altar of an unknown god.
 11590 | D:11     | Reached skill level 14 in Axes
 11757 | D:11     | Noticed a death knight
 11957 | Lair:1   | Entered Level 1 of the Lair of Beasts
 12327 | Lair:1   | Received a gift from Okawaru
 12756 | Lair:1   | Reached XP level 12. HP: 104/108 MP: 16/16
 13080 | Lair:1   | Noticed a six-headed hydra
 13088 | Lair:1   | Killed a two-headed hydra
 13743 | Lair:2   | Noticed a seven-headed hydra
 13748 | Lair:2   | Killed a five-headed hydra
 13749 | Lair:2   | Reached skill level 15 in Axes
 14142 | Lair:2   | Reached ****** piety under Okawaru
 14751 | Lair:2   | Found a staircase to the Shoals.
 15216 | Lair:2   | Received a gift from Okawaru
 15376 | Lair:3   | Identified the +2 whip "Pappin" {flame, Stlth+}
 15523 | Lair:3   | Found a hole to the Spider Nest.
 15977 | Lair:3   | Reached skill level 15 in Armour
 16322 | Lair:3   | Received a gift from Okawaru
 16323 | Lair:3   | Reached skill level 16 in Axes
 16958 | Lair:4   | Reached XP level 13. HP: 118/118 MP: 18/18
 17382 | Lair:4   | Found a frozen archway.
 17501 | Lair:4   | Found a staircase to the Slime Pits.
 17905 | Lair:5   | Entered Level 5 of the Lair of Beasts
 17909 | Lair:5   | Noticed Rupert
 17935 | Slime:1  | Entered Level 1 of the Pits of Slime
 18062 | Lair:5   | Killed Rupert
 18355 | Lair:5   | Received a gift from Okawaru
 18602 | Lair:5   | Reached skill level 17 in Axes
 19144 | Lair:5   | Identified the +0 robe "Beryzaam" {Harm rN+ Will+ rCorr}
 19431 | D:10     | Acquired 633 gold pieces
 19612 | D:11     | Identified the +0 pair of gloves of the Beginning {Int+3
                  | Dex+6} (Okawaru gifted it to you on level 11 of the
                  | Dungeon)
 19612 | D:11     | Received a gift from Okawaru
 19767 | D:11     | Noticed Gastronok
 19790 | D:11     | Killed Gastronok
 20156 | D:12     | Reached XP level 14. HP: 120/129 MP: 20/20
 20227 | D:12     | Reached skill level 10 in Dodging
 20987 | D:13     | Found a gate to the Vaults.
 21006 | D:13     | Reached skill level 18 in Axes
 21269 | D:13     | Slain by an orc knight

Illustrated notes

Levels and vault maps discovered:
D:1:      mushboom_english_gardens, layout_rooms, minivault_25
D:2:      layout_loops_ring, basic_ecumenical_altar, serial_shops, shop,
          minmay_misc_feat_alley
D:3:      minmay_chambers_of_threes, layout_basic,
          grunt_dithmenos_smoke_and_mirrors,
          grunt_temple_overflow_order_and_chaos_2,
          hellmonk_ghost_happy_afterlife, uniq_natasha
D:4:      layout_gridville, uniq_sigmund, uniq_grinder, uniq_edmund
D:5:      layout_basic, lemuel_round_altar, temple_pool_b, grunt_decor_arrowhead
D:6:      layout_loops_corners
D:7:      layout_cave_pods, serial_shops, kennysheep_mini_moat
D:8:      layout_cave_pools, serial_gnoll_camp, gnoll_camp_huts_basic,
          gnoll_camp_mini_hut, gnoll_camp_mini_hut, gnoll_camp_mini_shop,
          gnoll_camp_mini_doghouse, grums_kennel, nicolae_figureground_pulse
D:9:      layout_loops_ring, amethyst_killhole, hex_medium,
          hangedman_decor_lopped
D:10:     layout_cave_pools, overflow_temple_1_default,
          nicolae_hepliaklqana_ecumenical_no_more, kennysheep_slug_shrine,
          nicolae_yredelemnul_corpse_copse, lair_entry_dummy, david_orc_2,
          kennysheep_generic_room_5
D:11:     layout_cave_pools, uniq_gastronok
D:12:     layout_roguey, hangedman_tell_no_tales
D:13:     layout_basic, david_vaults_3, uniq_erolcha
Temple:   nicolae_temple_two_arcs
Lair:1:   layout_layer_cave, serial_bayou_shore_a
Lair:2:   layout_hall_layers, minmay_shoals_entry_beasts
Lair:3:   layout_chaotic_city, hellmonk_spider_entry_life_and_decay,
          serial_forest, infiniplex_forest_lined_room_2,
          infiniplex_forest_clump_diagonal, infiniplex_forest_lined_2,
          infiniplex_forest_clump_tiny, infiniplex_forest_straight_2,
          infiniplex_forest_split, infiniplex_forest_lined_3,
          infiniplex_forest_end_3, nicolae_lair_lil_pond
Lair:4:   layout_long_grid, minmay_slime_entry_pillars,
          portal_ice_cave_entry_ice_simulacra, beast_lair_carwin_6
Lair:5:   gammafunk_lair_ancient_temple, layout_regular_city, st_stairs_5,
          lemuel_fruit_tree, uniq_rupert
Slime:1:  cheibrodos_slime_lost_civilization_1, layout_caves

Skill      XL: |  1  2  3  4  5  6  7  8  9 10 11 12 13 14 |
---------------+-------------------------------------------+-----
Axes           | 3 4 6 8 9 11 12 14 16 17 18 | 18.0
Armour         | 4 5 6 8 10 11 13 15 16 | 16.9
Fighting       | 4 5 6 7 8 9 10 12 13 | 13.3
Invocations    | 2 4 5 7 8 9 |  9.8
Dodging        | 1 3 5 7 8 9 10 | 10.3
Shields        | |  3.6

Action                   |  1- 3 |  4- 6 |  7- 9 | 10-12 | 13-15 || total
-------------------------+-------+-------+-------+-------+-------++-------
Melee: War axe           |    67 |    98 |   229 |   596 |   378 ||  1368
       Headbutt          |    11 |     9 |    60 |   151 |   113 ||   344
       Executioner's axe |       |       |    48 |       |    66 ||   114
Invok: Heroism           |       |       |     4 |    14 |     6 ||    24
       Finesse           |       |       |       |       |     5 ||     5
  Use: Scroll            |     2 |     8 |     7 |     8 |     2 ||    27
       Potion            |       |       |       |       |     1 ||     1
Armor: Scale mail        |    37 |    56 |    34 |       |       ||   127
       Plate armour      |       |       |   174 |   402 |   195 ||   771
Dodge: Dodged            |    30 |    49 |   108 |   272 |   212 ||   671
Block: Buckler           |    15 |    22 |    50 |   167 |    82 ||   336
